 Dungeon Crawl Stone Soup version 0.20-a0-936-gaf809b6 (webtiles) character file.

130 Vile the Skirmisher (level 4, -7/42 HPs)
             Began as a Minotaur Fighter on Mar 20, 2017.
             Killed from afar by Herrn's ghost (17 damage)
             ... with a flame tongue
             ... on level 3 of the Dungeon on Mar 30, 2017.
             The game lasted 00:03:25 (1565 turns).

Vile the Skirmisher (Minotaur Fighter)              Turns: 1565, Time: 00:03:26

Health: -7/42      AC:  6    Str: 22    XL:     4   Next: 90%
Magic:  3/3        EV:  7    Int:  5    God:
Gold:   107        SH:  9    Dex:  9    Spells: 3/3 levels left

rFire    . . .     SeeInvis +   a - +0 flail
rCold    . . .     Gourm    .   c - +0 shield
rNeg     . . .     Faith    .   b - +0 scale mail
rPois    .         Spirit   .   (helmet restricted)
rElec    .         Reflect  .   (no cloak)
rCorr    .         Harm     .   (no gloves)
MR       .....                  (no boots)
Stlth    ..........             w - amulet of regeneration
Regen    0.6/turn               n - ring of see invisible
MPRegen  0.1/turn               t - ring of loudness (curse)

@: no status effects
A: retaliatory headbutt, horns 2
a: no special abilities


You were on level 3 of the Dungeon.
You were not hungry.

You visited 1 branch of the dungeon, and saw 3 of its levels.

You collected 107 gold pieces.

Inventory:

Hand Weapons
 a - a +0 flail (weapon)
Missiles
 o - 94 stones (quivered)
Armour
 b - a +0 scale mail (worn)
 c - a +0 shield (worn)
Jewellery
 n - a ring of see invisible (left hand)
 t - a cursed ring of loudness (right hand)
 w - an amulet of regeneration (around neck)
 x - a +3 ring of strength {unknown}
Scrolls
 e - a scroll of blinking {unknown}
 h - a scroll of random uselessness {unknown}
 i - 3 scrolls of remove curse {unknown}
 j - a scroll of enchant armour {unknown}
 k - a scroll of recharging {unknown}
 m - 3 scrolls of enchant weapon {unknown}
 p - 2 scrolls of identify {unknown}
 q - 2 scrolls of amnesia {unknown}
 r - a scroll of noise {unknown}
 y - a scroll of teleportation {unknown}
Potions
 d - 2 potions of might
 l - a potion of cancellation {unknown}
 s - a potion of invisibility {unknown}
 v - a potion of heal wounds {unknown}
Comestibles
 f - a bread ration
 g - 3 meat rations
 u - 2 fruits
 z - a royal jelly


   Skills:
 + Level 5.0 Fighting
 + Level 5.0 Maces & Flails
 - Level 3.6 Armour
 + Level 0.7 Dodging
 + Level 0.1 Stealth
 - Level 3.6 Shields


You had 3 spell levels left.
You didn't know any spells.

Dungeon Overview and Level Annotations

Branches:
Dungeon (3/15)

Altars:
Vehumet
Yredelemnul

Annotations:
D:3 Herrn's ghost, amateur OpFE


Innate Abilities, Weirdness & Mutations

You reflexively headbutt those who attack you in melee.
You have a pair of horns on your head.


Message History

The bat barely misses you.
Herrn's ghost says, "I love the smell of burning flesh."
You block Herrn's ghost's attack.
You barely miss Herrn's ghost. Your headbutt misses Herrn's ghost.
Herrn's ghost is heavily damaged.
You block the bat's attack. Herrn's ghost misses you. You furiously retaliate!
You headbutt Herrn's ghost! You hit Herrn's ghost but do no damage.
Herrn's ghost is severely damaged.
Herrn's ghost hits you but does no damage.
The bat barely misses you.
You barely miss Herrn's ghost. Your headbutt misses Herrn's ghost.
Herrn's ghost is severely damaged.
The bat hits you but does no damage. x2; The bat hits you.
Herrn's ghost casts a spell at you. The flame tongue hits you!
* * * LOW HITPOINT WARNING * * *
Herrn's ghost stares at you and mumbles some strange words.
The flame tongue hits you!
You die...

## .# . # ..#.# .#
#. #.#.##.
#.###..... #
#$.......
#.##.P.P.b.##
#....._%.W..# #..#
#..P.P.@.# .#.#
##.......# ...
###†)##.......#
#....#####.##.#
#.#........##.#
#....#.######.### #
......##..........#
###.. #####.
#####.####.##.....
#. #.###........#


You could see Herrn's ghost and a bat.

Vanquished Creatures
  Jessica (D:2)
  A worker ant (D:3)
  3 adders
  4 leopard geckos
  5 orcs (D:3)
  3 hobgoblins
  4 jackals (D:1)
  3 quokkas
  2 ball pythons
  5 bats
  4 frilled lizards
  7 goblins
  6 kobolds
  A rat (D:1)
49 creatures vanquished.

Vanquished Creatures (others)
  A rat (D:2)
1 creature vanquished.

Grand Total: 50 creatures vanquished

Notes
Turn   | Place    | Note
-------+----------+-------------------------------------------
     0 | D:1      | Vile the Minotaur Fighter began the quest for the Orb.
     0 | D:1      | Reached XP level 1. HP: 19/19 MP: 0/0
     0 | D:1      | Upgraded the game from 0.20-a0-903-g7e3609c to 0.20-a0-936-gaf809b6
   131 | D:1      | Reached XP level 2. HP: 25/27 MP: 1/1
   719 | D:2      | Found a radiant altar of Vehumet.
   753 | D:2      | Noticed Jessica
   774 | D:2      | Killed Jessica
   774 | D:2      | Reached XP level 3. HP: 28/34 MP: 2/2
  1088 | D:2      | Reached XP level 4. HP: 41/41 MP: 3/3
  1526 | D:3      | Reached skill level 5 in Fighting
  1531 | D:3      | Reached skill level 5 in Maces & Flails
  1546 | D:3      | Found a basalt altar of Yredelemnul.
  1553 | D:3      | Noticed Herrn's ghost (amateur OpFE)
  1565 | D:3      | Killed from afar by Herrn's ghost

Vault maps used:
D:1:      erik_arrival_cave_to_civilisation
D:2:      fiery_altar_vehumet, uniq_jessica
D:3:      yredelemnul_altar_generic, gup_sewer_entry_bubbles

Skill      XL: |  1  2  3  4 |
---------------+-------------+-----
Fighting       | 4 5 |  5.0
Maces & Flails | 3 4 5 |  5.0
Armour         | |  3.6
Dodging        | |  0.7
Stealth        | |  0.1
Shields        | |  3.6

Action                   |  1- 3 |  4- 6 || total
-------------------------+-------+-------++-------
Melee: Flail             |    70 |    59 ||   129
       Headbutt          |     9 |     8 ||    17
  Eat: Chunk             |       |     2 ||     2
Armor: Scale mail        |    33 |    28 ||    61
Dodge: Dodged            |    21 |    21 ||    42
Block: Shield            |    46 |    28 ||    74
